 Dungeon Crawl Stone Soup version 0.29-a0-911-g88e6f02907 (webtiles) character file.

Game seed: 6382297159666542949

76 lesaewzxc the Ducker (level 4, -4/27 HPs)
             Began as a Kobold Arcane Marksman on July 25, 2022.
             Was a Follower of Wu Jian.
             Slain by Ijyb
             ... wielding a +0 dagger
              (5 damage)
             ... on level 3 of the Dungeon.
             The game lasted 00:13:41 (2546 turns).

lesaewzxc the Ducker (Kobold Arcane Marksman)       Turns: 2546, Time: 00:13:43

Health: -4/27      AC:  3    Str:  7    XL:     4   Next: 57%
Magic:  6/6        EV: 16    Int: 14    God:    Wu Jian [*.....]
Gold:   101        SH:  0    Dex: 17    Spells: 3/6 levels left

rFire   . . .      SeeInvis .   f - +0 arbalest
rCold   . . .      Faith    .   (shield currently unavailable)
rNeg    . . .      Spirit   .   c - +1 robe
rPois   .          Reflect  .   (no helmet)
rElec   .          Harm     .   (no cloak)
rCorr   .          Rampage  .   (no gloves)
Will    .....                   (no boots)
Stlth   +++.......              (no amulet)
HPRegen 0.09/turn               (no ring)
MPRegen 0.10/turn               (no ring)

@: no status effects
A: small, no large weapons, nightstalker 3
a: Renounce Religion


You were on level 3 of the Dungeon.
You worshipped Wu Jian.
Wu Jian was aware of your devotion.
You visited 1 branch of the dungeon, and saw 3 of its levels.

You collected 101 gold pieces.

Inventory:

Hand Weapons
 a - a +0 sling
 f - a +0 arbalest (weapon)
Armour
 c - a +1 robe (worn)
Scrolls
 b - a scroll of vulnerability
 g - a scroll of enchant armour
Potions
 d - a potion of lignification {unknown}
 h - a potion of curing {unknown}
 i - a potion of degeneration {unknown}
 k - a potion of flight {unknown}


   Skills:
 * Level 2.5 Fighting
 + Level 3.2 Ranged Weapons
 * Level 3.6 Dodging
 + Level 1.6 Spellcasting
 + Level 3.2 Hexes


You had 3 spell levels left.
You knew the following spells:

 Your Spells              Type           Power      Damage    Failure   Level
a - Slow                  Hex            40%        N/A       6%          1
b - Ensorcelled Hibernat  Hex/Ice        10%        N/A       19%         2

Your spell library contained the following spells:

 Spells                   Type           Power      Damage    Failure   Level
 Sandblast                Erth           2%         2d4       26%         1
 Passwall                 Tmut/Erth      0%         N/A       36%         2
 Inner Flame              Hex/Fire       5%         N/A       36%         3
 Portal Projectile        Hex/Tloc       10%        N/A       36%         3
 Stone Arrow              Conj/Erth      2%         3d7       58%         3
 Swiftness                Air            1%         N/A       58%         3
 Cause Fear               Hex            5%         N/A       54%         4
 Freezing Cloud           Conj/Ice/Air   0%         6-21      100%        5
 Simulacrum               Ice/Necr       0%         N/A       100%        6
 Polar Vortex             Ice            0%         N/A       100%        9


Dungeon Overview and Level Annotations

Branches:
Dungeon (3/15)

Altars:
Wu Jian

Shops:
D:2 :

Annotations:
D:3 1 runed translucent door, Ijyb; jimonade's ghost, amateur FoHu


Innate Abilities, Weirdness & Mutations

You are small and have problems with some larger weapons.
You are completely attuned to the shadows.


Message History

Press: ? - help, Shift-Dir - straight line, f/p - Ijyb
Aim: Ijyb, wielding a +0 dagger, wearing a +2 leather armour of fire resistance and carrying a wand of roots (10) (47% to hit)
You shoot a bolt. The bolt closely misses Ijyb.
The grasping roots constrict you. Ijyb closely misses you.
The grasping roots constrict you.
* * * LOW HITPOINT WARNING * * *
The grasping roots release their grip on you.
You feel much better. Ijyb misses you.
Fire: f) +0 arbalest
Press: ? - help, Shift-Dir - straight line, f/p - Ijyb
Aim: Ijyb, wielding a +0 dagger, wearing a +2 leather armour of fire resistance and carrying a wand of roots (10) (47% to hit)
You shoot a bolt. The bolt completely misses Ijyb.
Ijyb hits you with a +0 dagger.
Unknown command.
Fire: f) +0 arbalest
Press: ? - help, Shift-Dir - straight line, f/p - Ijyb
Aim: Ijyb, wielding a +0 dagger, wearing a +2 leather armour of fire resistance and carrying a wand of roots (10) (47% to hit)
You shoot a bolt. The bolt closely misses Ijyb.
Ijyb zaps a wand.
The roots erupt in riotous growth!
The grasping roots grab you!
Ijyb is unaffected.
The grasping roots constrict you. Ijyb barely misses you.
The grasping roots constrict you.
You hear a shout!
Fire: f) +0 arbalest
Press: ? - help, Shift-Dir - straight line, f/p - Ijyb
Aim: Ijyb, wielding a +0 dagger, wearing a +2 leather armour of fire resistance and carrying a wand of roots (9) (47% to hit)
You shoot a bolt. The bolt barely misses Ijyb.
Ijyb closely misses you. The grasping roots constrict you.
Ijyb screams, "Level is mine!
All mine!"
Ijyb hits you with a +0 dagger. The grasping roots constrict you.
* * * LOW HITPOINT WARNING * * *
The grasping roots release their grip on you.
Unknown command.
Fire: f) +0 arbalest
Press: ? - help, Shift-Dir - straight line, f/p - Ijyb
Aim: Ijyb, wielding a +0 dagger, wearing a +2 leather armour of fire resistance and carrying a wand of roots (9) (47% to hit)
You shoot a bolt. The bolt misses Ijyb.
Ijyb hits you with a +0 dagger.
* * * LOW HITPOINT WARNING * * *
Ijyb hits you with a +0 dagger.
You die...

##### #.... #....
#################....
...g@................
############.........
##........ ..........
##.####### #.. # # #
#


You could see Ijyb.

Vanquished Creatures
  3 gnolls (D:2)
  An adder (D:3)
  2 dart slugs (D:2)
  3 bats
  3 endoplasms
  2 goblins
  4 hobgoblins
  4 kobolds
  3 quokkas
  2 ball pythons
  2 frilled lizards
  6 rats
35 creatures vanquished.

Notes
Turn   | Place    | Note
-------+----------+-------------------------------------------
     0 | D:1      | lesaewzxc the Kobold Arcane Marksman began the quest for
                  | the Orb.
     0 | D:1      | Reached XP level 1. HP: 12/12 MP: 2/2
   460 | D:1      | Reached XP level 2. HP: 14/16 MP: 3/3
  1046 | D:1      | Learned a level 2 spell: Ensorcelled Hibernation
  1349 | D:2      | Found Ixuesmar's Vocational Training.
  1399 | D:2      | Reached XP level 3. HP: 19/21 MP: 3/5
  1660 | D:2      | Reached XP level 4. HP: 20/26 MP: 6/6
  1901 | D:2      | Found a faded altar of an unknown god.
  1922 | D:2      | Prayed at the altar of an unknown god.
  1922 | D:2      | Became a worshipper of the Wu Jian Council
  1922 | D:2      | Reached * piety under Wu Jian
  2401 | D:3      | Found a runed translucent door.
  2403 | D:3      | Noticed a bullfrog
  2406 | D:3      | Noticed jimonade's ghost (amateur FoHu)
  2539 | D:3      | Noticed Ijyb
  2546 | D:3      | HP: 1/27 [Ijyb/+0 dagger (2)]
  2546 | D:3      | Slain by Ijyb

Illustrated notes

Levels and vault maps discovered:
D:1:      dpeg_arrival_round_c, layout_loops_corners
D:2:      layout_basic, hellmonk_ecumenical_altar_arch_garden,
          nicolae_shop_vocational
D:3:      layout_basic, serial_shops, shop, ebering_ghost_sewer_f, uniq_ijyb

Skill      XL: |  1  2  3 |
---------------+----------+-----
Ranged Weapons | 3 |  3.2
Dodging        | 3 |  3.6
Fighting       | 2 |  2.5
Spellcasting   | |  1.6
Hexes          | |  3.2

Action                   |  1- 3 |  4- 6 || total
-------------------------+-------+-------++-------
 Fire: Sling             |    47 |       ||    47
       Arbalest          |    24 |    31 ||    55
 Cast: Slow              |     1 |       ||     1
  Use: Scroll            |     6 |       ||     6
       Potion            |     2 |     1 ||     3
Armor: Robe              |     5 |     4 ||     9
Dodge: Dodged            |    54 |    21 ||    75

Table legend: (Time is in decaauts)
 A = Elapsed time spent in this place.
 B = Non-inter-level travel time spent in this place.
 C = Inter-level travel time spent in this place.
 D = Time resting spent in this place.
 E = Time spent auto-exploring this place.
 F = Levels seen in this place.
 G = Mean time per level.
                   A        B        C        D        E       F      G
               +--------+--------+--------+--------+--------+-----+--------+
         Total |   2597 |   2580 |     17 |      0 |    440 |   3 |  865.7 |
       Dungeon |   2597 |   2580 |     17 |      0 |    440 |   3 |  865.7 |
               +--------+--------+--------+--------+--------+-----+--------+

Top non-repeatable levels by time:
     D:1: 1340 daAuts
     D:2: 1065 daAuts
     D:3: 191 daAuts
